 Dungeon Crawl Stone Soup version 0.30-a0-918-g0ff054e9dc (webtiles) character file.

Game seed: 12593868391051467704

2725 Iniera the Spear-Bearer (level 9, -3/74 HPs)
             Began as a Demonspawn Fighter on Mar 20, 2023.
             Slain by Blork the orc
             ... wielding a +5 vampiric trident
              (9 damage)
             ... on level 6 of the Dungeon.
             The game lasted 00:10:10 (5353 turns).

Iniera the Spear-Bearer (Demonspawn Fighter)        Turns: 5353, Time: 00:10:11

Health: -3/74      AC:  0    Str: 21    XL:     9   Next: 40%
Magic:  9/9        EV: 16    Int:  9    God:
Gold:   197        SH:  0    Dex: 13    Spells: 8/8 levels left

rFire   . . .      SeeInvis .    A - melded +0 halberd
rCold   . . .      Faith    .    (shield currently unavailable)
rNeg    . . .      Spirit   .    p - melded +0 chain mail
rPois   .          Reflect  .    (helmet currently unavailable)
rElec   .          Rampage  .    n - melded +0 cloak
rCorr   .                        g - melded +1 pair of gloves
Will    .....                    (boots currently unavailable)
Stlth   +                        (no amulet)
HPRegen 0.32/turn                (ring currently unavailable)
MPRegen 0.11/turn                (ring currently unavailable)

@: mighty, pig-form, very quick
A: fast, no casting, small, repulsion field 2, powered by death 1, demonic magic
2, (demonic touch 1)
a: no special abilities


You were on level 6 of the Dungeon.
You were a filthy swine.
You visited 2 branches of the dungeon, and saw 7 of its levels.
You also visited: Sewer.

You collected 233 gold pieces.
You spent 36 gold pieces at shops.

Inventory:

Hand Weapons
 A - a +0 halberd (melded)
Armour
 g - a +1 pair of gloves (melded)
 n - a +0 cloak (melded)
 p - a +0 chain mail (melded)
Wands
 q - a wand of charming (7)
 u - a wand of polymorph (6)
 y - a wand of light (10)
Scrolls
 a - a scroll of acquirement {unknown}
 b - 2 scrolls of fog
 d - a scroll of noise
 f - a scroll of vulnerability
 j - a scroll of torment
 m - a scroll of teleportation
 s - a scroll of magic mapping
 v - 4 scrolls of identify
 x - a scroll of silence {unknown}
Potions
 e - a potion of resistance
 h - 2 potions of cancellation {unknown}
 i - 3 potions of magic {unknown}
 k - 2 potions of heal wounds {unknown}
 l - 6 potions of curing
 r - a potion of mutation {unknown}
 t - a potion of flight {unknown}
 w - a potion of degeneration {unknown}


   Skills:
 + Level 7.8 Fighting
 * Level 10.0 Polearms
 - Level 2.6 Armour
 - Level 2.6 Shields


You had 8 spell levels left.
You didn't know any spells.
Your spell library contained the following spells:

 Spells                   Type           Power      Damage    Failure   Level
 Freeze                   Ice            0%         1d3       38%         1
 Frozen Ramparts          Ice            0%         1d1       77%         3
 Hailstorm                Conj/Ice       0%         3d3       77%         3
 Ignite Poison            Fire/Tmut/Pois 0%         N/A       77%         3
 Kindle Blastsparks       Fire/Tloc/Air  0%         2d10      77%         3
 Freezing Cloud           Conj/Ice/Air   0%         6-21      100%        5


Dungeon Overview and Level Annotations

Branches:
Dungeon (6/15)             Temple (1/1) D:4           Sewer (visited)

Altars:
Ashenzari
Dithmenos
Gozag
Kikubaaqudgha
Ru
Sif Muna
Trog
Uskayaw
Vehumet
Wu Jian
Xom
Yredelemnul

Shops:
D:1 (   D:3 *   D:5 =   D:6 =

Annotations:
D:4 3 runed translucent doors, bobarctor's ghost, amateur DsNe
D:6 Blork the orc


Innate Abilities, Weirdness & Mutations

You are a filthy swine.
You move quickly.
Your equipment is almost entirely melded.
You are incapable of wielding weapons or throwing items.
You cannot cast spells.
You are surrounded by a moderate repulsion field. (EV +3)
You regenerate a little health from kills.
Spells you cast may paralyse nearby enemies.
((Your touch may inflict minor irresistible damage on your foes.))


Message History

Blork the orc zaps a wand.
You turn into a filthy swine.
Your +0 halberd melds into your body.
Your +0 cloak melds into your body.
Your +1 pair of gloves melds into your body.
Your +0 chain mail melds into your body.
Your Polearms skill increases to level 10!
Found a stone staircase leading down.
Blork the orc hits you with a +5 vampiric trident!
* * * LOW HITPOINT WARNING * * *
You bite Blork the orc!
Blork the orc is moderately wounded.
Blork the orc completely misses you.
You hit Blork the orc.
Blork the orc is moderately wounded.
Blork the orc hits you with a +5 vampiric trident!
* * * LOW HITPOINT WARNING * * *
Blork the orc draws strength from your wounds!
Blork the orc looks braver for a moment.
You feel better. Blork the orc completely misses you.
You feel very mighty all of a sudden.
Blork the orc hits you with a +5 vampiric trident!
* * * LOW HITPOINT WARNING * * *
Blork the orc barely misses you.
You hit Blork the orc.
Blork the orc is moderately wounded.
Blork the orc barely misses you.
You bite Blork the orc!
Blork the orc is heavily wounded.
Blork the orc screams, "Die!"
Blork the orc barely misses you.
You closely miss Blork the orc.
Blork the orc is heavily wounded.
Blork the orc barely misses you.
You bite Blork the orc!
Blork the orc is severely wounded.
Blork the orc closely misses you.
You barely miss Blork the orc.
Blork the orc is severely wounded.
Blork the orc closely misses you.
Blork the orc hits you with a +5 vampiric trident!
You die...

#.........# .........#
#........# #........# #
#........# ..
#......>.##.#
#...o....... ##....
###h#####.## 8...∩.
#.)........# ......
#..........# ..>...
#####..........###......
#..............##.8...8
#.###########.....##.##
#.........#
......#.......#
#######.......#


You could see Blork the orc (fast).

Vanquished Creatures
  6 yaks (D:4)
  2 black bears
  An ice beast (D:6)
  An ogre (D:3)
  3 centaurs
  6 kobold brigands (Sewer)
  3 scorpions
  A howler monkey (D:5)
  A gnoll bouda (D:5)
  An orc priest (D:4)
  2 hounds (D:4)
  3 jellies (D:5)
  5 iguanas (D:5)
  2 orc wizards
  4 gnolls
  9 adders
  A river rat (Sewer)
  A shadow imp (D:5)
  8 worms
  3 dart slugs
  14 orcs
  17 ball pythons
  6 endoplasms
  5 giant cockroaches
  8 goblins
  7 hobgoblins
  4 jackals
  2 quokkas
  7 bats
  4 frilled lizards
  11 kobolds
  14 rats
162 creatures vanquished.

Vanquished Creatures (others)
  A gnoll (D:6)
  A quokka (D:6)
  6 plants
8 creatures vanquished.

Grand Total: 170 creatures vanquished

Notes
Turn   | Place    | Note
-------+----------+-------------------------------------------
     0 | D:1      | Iniera the Demonspawn Fighter began the quest for the Orb.
     0 | D:1      | Reached XP level 1. HP: 18/18 MP: 1/1
    37 | D:1      | Reached skill level 2 in Polearms
   165 | D:1      | Found Zofaof's Antique Weapon Shop.
   213 | D:1      | Gained mutation: You are surrounded by a mild repulsion
                  | field. (EV +2) [demonic ancestry]
   213 | D:1      | Reached XP level 2. HP: 21/24 MP: 2/2
   472 | D:1      | Reached skill level 3 in Polearms
   708 | D:1      | Reached XP level 3. HP: 29/29 MP: 3/3
  1408 | D:2      | Found a faded altar of an unknown god.
  1668 | D:2      | Gained mutation: You regenerate a little health from kills.
                  | [demonic ancestry]
  1668 | D:2      | Reached XP level 4. HP: 23/35 MP: 4/4
  2037 | D:2      | Reached skill level 4 in Polearms
  2138 | D:3      | Found Igesm's General Store.
  2149 | D:3      | Bought a potion of curing for 36 gold pieces
  2205 | D:3      | Found an ornate altar of the Wu Jian Council.
  2255 | D:3      | Noticed an ogre
  2270 | D:3      | Killed an ogre
  2271 | D:3      | Gained mutation: You are surrounded by a moderate repulsion
                  | field. (EV +3) [demonic ancestry]
  2271 | D:3      | Reached XP level 5. HP: 21/42 MP: 5/5
  2300 | D:3      | HP: 2/42 [something/puff of flame (8)]
  2490 | D:3      | Found an ancient bone altar of Kikubaaqudgha.
  2788 | D:4      | Found a staircase to the Ecumenical Temple.
  2833 | D:4      | Identified the +3 spear of Blood {freeze, +Blink Str+8
                  | Int+6 Stlth-}
  2843 | D:4      | Reached skill level 5 in Polearms
  2903 | Temple   | Entered the Ecumenical Temple
  2992 | D:4      | Noticed bobarctor's ghost (amateur DsNe)
  3024 | D:4      | Noticed a yak
  3024 | D:4      | Noticed a yak
  3025 | D:4      | Noticed a yak
  3025 | D:4      | Noticed a yak
  3026 | D:4      | Noticed a yak
  3028 | D:4      | Noticed a yak
  3035 | D:4      | Found a runed translucent gate.
  3035 | D:4      | Found a runed translucent gate.
  3035 | D:4      | Found a runed translucent gate.
  3042 | D:4      | Gained mutation: Spells you cast may paralyse adjacent
                  | enemies. [demonic ancestry]
  3042 | D:4      | Reached XP level 6. HP: 15/48 MP: 6/6
  3044 | D:4      | Killed a yak
  3048 | D:4      | Killed a yak
  3049 | D:4      | Reached skill level 6 in Polearms
  3049 | D:4      | Gained mutation: Spells you cast may paralyse nearby
                  | enemies. [demonic ancestry]
  3049 | D:4      | Reached XP level 7. HP: 13/55 MP: 7/7
  3051 | D:4      | Killed a yak
  3052 | D:4      | Reached skill level 5 in Fighting
  3056 | D:4      | Killed a yak
  3057 | D:4      | Killed a yak
  3058 | D:4      | Reached skill level 7 in Polearms
  3060 | D:4      | Killed a yak
  3061 | D:4      | Reached XP level 8. HP: 20/64 MP: 8/8
  3285 | D:4      | Reached skill level 8 in Polearms
  3414 | D:4      | Found a hide-covered altar of Uskayaw.
  3425 | D:4      | Found a broken altar of Ashenzari.
  3507 | D:5      | Entered Level 5 of the Dungeon
  3587 | D:5      | Found Oheig's Jewellery Emporium.
  3611 | D:5      | Found a glowing drain.
  3630 | Sewer    | Entered a sewer
  4239 | Sewer    | Reached skill level 9 in Polearms
  4450 | Sewer    | Gained mutation: Your touch may inflict minor irresistible
                  | damage on your foes. [demonic ancestry]
  4450 | Sewer    | Reached XP level 9. HP: 72/72 MP: 9/9
  4758 | D:5      | Found a radiant altar of Vehumet.
  5255 | D:6      | Found a basalt altar of Yredelemnul.
  5308 | D:6      | Found Inleov's Jewellery Shop.
  5329 | D:6      | Noticed Blork the orc
  5344 | D:6      | Reached skill level 10 in Polearms
  5353 | D:6      | Slain by Blork the orc

Illustrated notes

Levels and vault maps discovered:
D:1:      minmay_arrival_wavy_path, layout_loops_corners, serial_forest,
          infiniplex_forest_lined_room_2, infiniplex_forest_clump_double,
          infiniplex_forest_lined_2, infiniplex_forest_clump_curved,
          infiniplex_forest_zigzag_2, infiniplex_forest_lined_2,
          infiniplex_forest_clump_tiny, infiniplex_forest_straight_2,
          infiniplex_forest_clump_medium, serial_shops, nicolae_shop_waterfront,
          minmay_unequal
D:2:      layout_loops_corners, shapermc_ecumenical_altar_acropolis
D:3:      layout_basic, nzn_wu_jian_council_hall, mainiacjoe_overflow_alcove_1,
          serial_shops, shop_statue
D:4:      cheibrodos_barr_body, layout_rooms, amethyst_overflow_temple_binary,
          minmay_temple_entry_poolview, gammafunk_ghost_icy
D:5:      layout_rooms, vehumet_crystals, serial_shops, shop,
          cheibrodos_sewer_entry_bend, grunt_ministairs_7, corexii_checkpoint_a
D:6:      layout_rooms, elyvilon_altar_4,
          mainiacjoe_overflow_concentric_impassable, grunt_temple_overflow_open,
          serial_shops, nicolae_stop_n_shop_1, nrook_campfire, uniq_eustachio,
          uniq_grinder, uniq_blork_the_orc, uniq_maggie
Temple:   hellmonk_temple_of_storms

Skill      XL: |  1  2  3  4  5  6  7  8  9 |
---------------+----------------------------+-----
Polearms       | 2 3 4 5 6 7 9 10 | 10.0
Fighting       | 4 6 7 |  7.8
Armour         | |  2.6
Shields        | |  2.6

Action                     |  1- 3 |  4- 6 |  7- 9 || total
---------------------------+-------+-------+-------++-------
  Melee: Trident           |   144 |    79 |       ||   223
         Spear             |       |    29 |   356 ||   385
         Halberd           |       |       |    26 ||    26
         Unarmed           |       |       |     7 ||     7
Ability: Evoke Blink       |       |     1 |       ||     1
    Use: Scroll            |       |     5 |     5 ||    10
         Potion            |       |     1 |     2 ||     3
 Armour: Scale mail        |    43 |    12 |       ||    55
         Chain mail        |       |    14 |   111 ||   125
  Dodge: Dodged            |    48 |    45 |   136 ||   229
  Block: Buckler           |    25 |    14 |    38 ||    77

Table legend: (Time is in decaauts)
 A = Elapsed time spent in this place.
 B = Non-inter-level travel time spent in this place.
 C = Inter-level travel time spent in this place.
 D = Time resting spent in this place.
 E = Time spent auto-exploring this place.
 F = Levels seen in this place.
 G = Mean time per level.
                   A        B        C        D        E       F      G
               +--------+--------+--------+--------+--------+-----+--------+
         Total |   5462 |   5236 |    226 |    458 |   3591 |   8 |  682.8 |
       Dungeon |   4446 |   4228 |    218 |    314 |   2978 |   6 |  741.0 |
        Temple |     40 |     33 |      7 |      0 |     27 |   1 |   40.0 |
         Sewer |    975 |    975 |      0 |    144 |    585 |   1 |  975.0 |
               +--------+--------+--------+--------+--------+-----+--------+

Top non-repeatable levels by time:
     D:1: 1089 daAuts
     D:2: 1071 daAuts
   Sewer: 975 daAuts
     D:5: 829 daAuts
     D:4: 685 daAuts
     D:3: 637 daAuts
     D:6: 133 daAuts
  Temple: 40 daAuts
